 Dungeon Crawl Stone Soup version 0.21-a0-538-gd16b88a (webtiles) character file.

3587 Firecrotchwizard the Grappler (level 9, -3/91 HPs)
             Began as a Troll Monk on Dec 15, 2017.
             Was an Elder of Ru.
             Slain by a two-headed ogre
             ... wielding a +0 giant club
              (7 damage)
             ... on level 8 of the Dungeon.
             The game lasted 00:19:10 (6171 turns).

Firecrotchwizard the Grappler (Troll Monk)          Turns: 6171, Time: 00:19:11

Health: -3/91      AC:  8    Str: 21    XL:     9   Next: 85%
Magic:  11/11      EV: 13    Int:  6    God:    Ru [****..]
Gold:   584        SH:  0    Dex: 15    Spells: 8/8 levels left

rFire    . . .     SeeInvis .     - Unarmed
rCold    . . .     Gourm    +   (shield unavailable)
rNeg     . . .     Faith    .   a - +1 robe
rPois    .         Spirit   .   (helmet restricted)
rElec    .         Reflect  .   (no cloak)
rCorr    .         Harm     .   (gloves unavailable)
MR       .....                  (boots unavailable)
Stlth    ++........             (no amulet)
HPRegen  0.65/turn              (ring unavailable)
MPRegen  0.12/turn              s - +2 ring of protection

@: no status effects
A: large, unfitting armour, claws 3, fast metabolism 3, gourmand, regeneration
1, shaggy fur 1, tough skin 2, missing a hand, magic vulnerability 1
a: Draw Out Power, Power Leap, Renounce Religion


You were on level 8 of the Dungeon.
You worshipped Ru.
Ru was greatly pleased with you.
You were completely stuffed.

You visited 1 branch of the dungeon, and saw 8 of its levels.

You collected 584 gold pieces.

Inventory:

Armour
 a - a +1 robe (worn)
Jewellery
 k - an uncursed ring of positive energy {rN+}
   (You found it on level 7 of the Dungeon)
 r - an uncursed ring of flight {+Fly, !d}
   (You found it on level 2 of the Dungeon)
 s - a +2 ring of protection (right claw)
   (You took it off a kobold on level 3 of the Dungeon)
Wands
 n - a wand of polymorph (1)
   (You took it off Ijyb on level 4 of the Dungeon)
 w - a wand of digging (4)
   (You found it on level 3 of the Dungeon)
 C - a wand of disintegration (21)
   (You found it on level 7 of the Dungeon)
Scrolls
 c - a scroll of enchant armour
 i - 4 scrolls of teleportation
 j - 7 scrolls of identify
 m - 4 scrolls of remove curse
 p - 3 scrolls of enchant weapon {unknown}
 B - a scroll of magic mapping {!r}
Potions
 d - 3 potions of lignification {!q}
 e - 3 potions of haste
 g - a potion of ambrosia {unknown}
 l - 8 potions of curing
 o - a potion of invisibility {unknown}
 q - a potion of resistance {unknown}
 t - a potion of might {unknown}
 u - 3 potions of mutation {!q}
 v - a potion of flight {unknown}
 x - a potion of agility {unknown}
 A - a potion of heal wounds
Comestibles
 b - 12 bread rations {@e1}
 f - 7 royal jellies
 h - 3 meat rations {@e2}
 z - 11 chunks of flesh {@w0}


   Skills:
 + Level 6.3 Fighting
 + Level 6.3 Dodging
 - Level 1.0 Stealth
 - Level 8.0 Unarmed Combat
 + Level 5.2 Evocations


You had 8 spell levels left.
You didn't know any spells.

Dungeon Overview and Level Annotations

Branches:
Dungeon (8/15)             Temple (0/1) D:4
   Lair: D:8-11

Altars:
Gozag
Ru
Trog
The Shining One

Shops:
D:6 *   D:8 ?(

Annotations:
D:4 exclusion: Blork the orc, Blork the orc
D:8 Maurice, Psyche


Innate Abilities, Weirdness & Mutations

You are too large for most types of armour.
You have claws for hands.
Your metabolism is lightning-fast.
You like to eat raw meat.
Your natural rate of healing is unusually fast.
You are covered in fur. (AC +1)
You have very tough skin. (AC +2)
You are missing a hand.
You are slightly vulnerable to magic. (MR-)


Message History

The centaur shoots an arrow.
The arrow hits you.
You take 3 damage, and have 78/89 hp.
You scratch the kobold. You completely miss the kobold.
The kobold hits you but does no damage.
You barely miss the kobold. The kobold barely misses you.
You scratch the kobold.
You kill the kobold!
You claw the centaur!
The centaur unwields an uncursed shortbow.
The centaur misses you. The centaur closely misses you.
You claw the centaur!
You kill the centaur!
You closely miss the slave. The slave closely misses you.
You scratch the slave. You closely miss the slave.
The slave hits you but does no damage.
You barely miss the slave. The slave barely misses you.
You miss the slave. The slave hits you.
You focus your will and blind the slave in retribution!
You catch the helpless slave completely off-guard!
You mangle the slave!!
You kill the slave!
That felt strangely unrewarding.
Items here: ( ))))) [[[ ††††† You see here an arrow.
Items here: ( ))))) [[[ ††††† You butcher the orc corpse.
Items here: % ( ))))) [[[ †††† The ogre shouts!
Things that are here:
3 arrows; 8 stones You scratch the ogre.
The ogre hits you with a giant club!!
You take 18 damage, and have 70/89 hp.
MASSIVE DAMAGE!!
You claw the ogre! You mangle the ogre!!
You kill the ogre!
You regained 2 hp, and now have 73/91 hp.
You see here a giant club.
You start resting.
Eating one of 4 chunks of flesh {@w0}.
You eat one of the 4 chunks of flesh {@w0}.
This raw flesh tastes great.
An orc wizard comes into view. It is wielding a dagger.
You regained 6 hp, and now have 80/91 hp.
Things that are here:
3 arrows; 8 stones
Items here: % ( ))))) [[[ †††† The orc wizard is stunned by your will and fails to attack.
You see here an arrow.
You scratch the orc wizard.
The orc wizard hits you but does no damage.
You claw the orc wizard!
You kill the orc wizard!
Things that are here:
a dagger; a robe You see here an arrow.
z - 4 chunks of flesh {@w0} (gained 1)
Items here: ( ))))) [[[ †††† You regained 2 hp, and now have 86/91 hp.
You butcher the orc corpse.
z - 8 chunks of flesh {@w0} (gained 4)
Items here: ( ))))) [[[ ÷ ††† You butcher the orc corpse.
z - 11 chunks of flesh {@w0} (gained 3)
Items here: ( ))))) [[[ ÷ †† You butcher the kobold corpse.
Items here: % ( ))))) [[[ ÷÷ † You butcher the kobold corpse.
Items here: %% ( ))))) [[[ ÷÷ There isn't anything to butcher here.
Okay, then.
A jelly and a two-headed ogre come into view.
Health restored: 91 The jelly quivers.
The jelly barely misses you.
You claw the two-headed ogre! The jelly completely misses you.
The two-headed ogre closely misses you.
The two-headed ogre hits you with a giant spiked club!
You take 8 damage, and have 83/91 hp.
You scratch the two-headed ogre. The jelly hits you but does no damage.
You scratch the two-headed ogre.
The two-headed ogre hits you with a giant club!!
The two-headed ogre hits you with a giant spiked club!!
The jelly barely misses you.
You take 48 damage, and have 35/91 hp.
MASSIVE DAMAGE!!
You are too injured to fight recklessly!
You are too injured to fight recklessly!
You barely miss the two-headed ogre. The two-headed ogre barely misses you.
The two-headed ogre hits you with a giant spiked club.
The jelly hits you.
You are splashed with acid!
The acid burns!
* * * LOW HITPOINT WARNING * * *
You take 15 damage, and have 20/91 hp.
You barely miss the two-headed ogre. You barely miss the two-headed ogre.
The jelly hits you but does no damage.
The two-headed ogre is stunned by your will and fails to attack.
You barely miss the two-headed ogre. The jelly hits you but does no damage.
The two-headed ogre hits you with a giant club!
* * * LOW HITPOINT WARNING * * *
The two-headed ogre hits you with a giant spiked club!
You die...

################
...............#
...............#
..........O....#
.........@J....+
..##...##.....#
...##...###+####
........##....##+####
#####................
#................
#...##........... .
#...##....#########..
......................


You could see a two-headed ogre and a jelly.

Vanquished Creatures
  A two-headed ogre (D:6)
  A spriggan (D:7)
  An ice beast (D:7)
  A sky beast (D:8)
  2 black bears
  2 ogres
  A slave (D:8)
  A phantom (D:7)
  2 centaurs
  3 bullfrogs
  A big kobold (D:8)
  A wyvern skeleton (D:7)
  2 scorpions
  3 killer bees (D:7)
  8 wights
  2 crimson imps
  3 jellies
  2 bullfrog skeletons
  5 orc priests
  2 hounds
  8 orc wizards
  Natasha (D:2)
  4 iguanas
  2 worker ants
  Ijyb (D:4)
  Robin (D:1)
  4 gnolls (D:3)
  11 adders
  2 shadow imps
  2 adder skeletons
  3 dart slugs
  3 leopard geckos
  27 orcs
  2 ball pythons
  7 bats
  4 giant cockroaches
  16 hobgoblins
  5 jackals
  6 quokkas
  6 frilled lizards
  12 goblins
  7 kobolds
  12 rats
190 creatures vanquished.

Notes
Turn   | Place    | Note
-------+----------+-------------------------------------------
     0 | D:1      | Firecrotchwizard the Troll Monk began the quest for the Orb.
     0 | D:1      | Reached XP level 1. HP: 22/22 MP: 0/0
    44 | D:1      | Reached XP level 2. HP: 27/29 MP: 1/1
   180 | D:1      | Reached skill level 4 in Unarmed Combat
   340 | D:1      | Reached XP level 3. HP: 31/36 MP: 2/2
   830 | D:2      | Noticed Robin
   858 | D:1      | Killed Robin
  1094 | D:2      | Reached skill level 5 in Unarmed Combat
  1094 | D:2      | Reached XP level 4. HP: 44/44 MP: 3/3
  1276 | D:2      | Noticed Natasha
  1353 | D:2      | Found a glowing golden altar of the Shining One.
  1582 | D:2      | Killed Natasha
  1734 | D:3      | Found a faded altar of an unknown god.
  1805 | D:3      | Reached XP level 5. HP: 37/50 MP: 4/4
  1919 | D:3      | Reached skill level 6 in Unarmed Combat
  2256 | D:3      | Found a sacrificial altar of Ru.
  2420 | D:3      | Became a worshipper of Ru the Awakened
  2421 | D:3      | Gained mutation: You are missing a hand. [Ru sacrifice]
  2421 | D:3      | Reached * piety under Ru
  2421 | D:3      | Reached ** piety under Ru
  2421 | D:3      | Reached *** piety under Ru
  2484 | D:4      | Noticed an ogre
  2491 | D:4      | Killed an ogre
  2491 | D:4      | Reached skill level 7 in Unarmed Combat
  2491 | D:4      | Reached XP level 6. HP: 26/59 MP: 5/5
  2750 | D:4      | Found a staircase to the Ecumenical Temple.
  2909 | D:4      | Noticed Blork the orc
  2979 | D:5      | Entered Level 5 of the Dungeon
  3129 | D:5      | Reached skill level 8 in Unarmed Combat
  3151 | D:5      | Noticed Ijyb
  3212 | D:4      | Killed Ijyb
  3212 | D:4      | Reached XP level 7. HP: 23/66 MP: 6/6
  3371 | D:5      | Reached skill level 1 in Evocations
  3526 | D:5      | Found an opulent altar of Gozag.
  3543 | D:5      | Reached skill level 3 in Fighting
  3543 | D:5      | Reached skill level 3 in Dodging
  3932 | D:6      | Found a bloodstained altar of Trog.
  4022 | D:6      | Found Fietaptu's General Store.
  4142 | D:6      | Noticed a two-headed ogre
  4155 | D:6      | Killed a two-headed ogre
  4155 | D:6      | Reached skill level 4 in Fighting
  4155 | D:6      | Reached skill level 4 in Dodging
  4155 | D:6      | Reached skill level 3 in Evocations
  4155 | D:6      | Reached XP level 8. HP: 26/79 MP: 7/9
  4288 | D:6      | Gained mutation: You are slightly vulnerable to magic. (MR-) [Ru sacrifice]
  4288 | D:6      | Reached **** piety under Ru
  4639 | D:7      | Reached skill level 5 in Fighting
  4639 | D:7      | Reached skill level 5 in Dodging
  4639 | D:7      | Reached XP level 9. HP: 73/88 MP: 10/10
  4868 | D:7      | Reached skill level 4 in Evocations
  5702 | D:8      | Noticed Psyche
  5940 | D:8      | Reached skill level 6 in Fighting
  5940 | D:8      | Reached skill level 6 in Dodging
  5959 | D:8      | Found Ebaored's Weapon Shop.
  5992 | D:8      | Got a polished long sword
  5993 | D:8      | Identified the +3 long sword "Reatiu" {freeze, *Slow Dex+4 SInv} (You found it on level 8 of the Dungeon)
  6011 | D:8      | Found Etap's Magic Scroll Shoppe.
  6018 | D:8      | Noticed Maurice
  6093 | D:8      | Reached skill level 5 in Evocations
  6162 | D:8      | Noticed a two-headed ogre
  6168 | D:8      | HP: 20/91 [acid (9)]
  6171 | D:8      | HP: 4/91 [two-headed ogre/giant club (17)]
  6171 | D:8      | Slain by a two-headed ogre

Vault maps used:
D:1:      dpeg_arrival_rhombus, st_stairs_6, minmay_misc_feat_five,
          minmay_nonomino_d4
D:2:      serial_forest, infiniplex_forest_straight_4,
          infiniplex_forest_lined_room_2, infiniplex_forest_lined_4_way,
          infiniplex_forest_clump_C, infiniplex_forest_clump_small,
          infiniplex_forest_clump_long, tso_altar, uniq_robin, uniq_natasha
D:3:      nicolae_ru_the_path_less_chosen, first_bread,
          chequers_ecumenical_altar_simple_redux, minmay_distorted
D:4:      minmay_temple_entry_mist, tgw_sif
D:5:      cheibrodos_iron_armory, grunt_gozag_statues, uniq_ijyb
D:6:      basic_altar, serial_shops, shop
D:7:      the_bakery
D:8:      serial_shops, shop_fountains, shop, shop, shop, uniq_maurice,
          uniq_psyche, uniq_pikel

Skill      XL: |  1  2  3  4  5  6  7  8  9 |
---------------+----------------------------+-----
Unarmed Combat | 4 5 7 8 |  8.0
Evocations     | 3 5 |  5.2
Fighting       | 4 5 6 |  6.3
Dodging        | 4 5 6 |  6.3
Stealth        | |  1.0

Action                   |  1- 3 |  4- 6 |  7- 9 || total
-------------------------+-------+-------+-------++-------
Melee: Unarmed           |   115 |   175 |   296 ||   586
       Punch             |       |     1 |       ||     1
Invok: Sacrifice a Hand  |       |     1 |       ||     1
       Sacrifice Essence |       |       |     1 ||     1
Evoke: Wand              |       |       |     6 ||     6
  Use: Scroll            |       |     6 |     9 ||    15
 Stab: Sleeping          |     1 |     2 |     2 ||     5
       Invisible         |       |       |     4 ||     4
       Distracted        |       |       |     1 ||     1
  Eat: Chunk             |    16 |    17 |    29 ||    62
Armor: Robe              |    35 |    53 |    70 ||   158
Dodge: Dodged            |    48 |    85 |   141 ||   274

Table legend:
 A = Spawn XP
 B = Non-spawn XP
 C = Spawn XP percentage of total XP
 D = Spawn monster count
 E = Non-spawn monster count
 F = Spawn count percentage of total count
 G = Total turns spent on level
                    A         B        C        D         E        F      G
               +---------+---------+-------+---------+---------+-------+---------
         Total |       0 |    5125 |   0.0 |       0 |     189 |   0.0 |  6171
               +---------+---------+-------+---------+---------+-------+---------
           D:1 |       0 |      70 |   0.0 |       0 |      32 |   0.0 |   799
           D:2 |       0 |      98 |   0.0 |       0 |      22 |   0.0 |   929
           D:3 |       0 |     184 |   0.0 |       0 |      32 |   0.0 |   717
           D:4 |       0 |     409 |   0.0 |       0 |      15 |   0.0 |   720
           D:5 |       0 |     340 |   0.0 |       0 |      19 |   0.0 |   679
           D:6 |       0 |    1346 |   0.0 |       0 |      15 |   0.0 |   672
           D:7 |       0 |    1480 |   0.0 |       0 |      25 |   0.0 |  1107
           D:8 |       0 |    1198 |   0.0 |       0 |      29 |   0.0 |   548
               +---------+---------+-------+---------+---------+-------+---------

Vault maps used:
D:1:      dpeg_arrival_rhombus, st_stairs_6, minmay_misc_feat_five,
          minmay_nonomino_d4
D:2:      serial_forest, infiniplex_forest_straight_4,
          infiniplex_forest_lined_room_2, infiniplex_forest_lined_4_way,
          infiniplex_forest_clump_C, infiniplex_forest_clump_small,
          infiniplex_forest_clump_long, tso_altar, uniq_robin, uniq_natasha
D:3:      nicolae_ru_the_path_less_chosen, first_bread,
          chequers_ecumenical_altar_simple_redux, minmay_distorted
D:4:      minmay_temple_entry_mist, tgw_sif
D:5:      cheibrodos_iron_armory, grunt_gozag_statues, uniq_ijyb
D:6:      basic_altar, serial_shops, shop
D:7:      the_bakery
D:8:      serial_shops, shop_fountains, shop, shop, shop, uniq_maurice,
          uniq_psyche, uniq_pikel

Table legend:
 A = Turns spent in this place as a percentage of turns spent in the entire game.
 B = Non-inter-level travel turns spent in this place as a percentage of non-inter-level travel turns spent in the entire game.
 C = Inter-level travel turns spent in this place as a percentage of turns spent in this place.
 D = Turns resting spent in this place as a percentage of non-inter-level travel turns spent in this place.
 E = Turns spent auto-exploring this place as a percentage of non-inter-level travel turns spent in this place.
 F = Non-inter-level travel turns spent in this place divided by the number of levels of this place that you've seen.
                   A       B       C       D       E      F
               +-------+-------+-------+-------+-------+----------------------
         Total | 100.0 | 100.0 |   3.3 |  12.3 |  65.2 | 745.9
       Dungeon | 100.0 | 100.0 |   3.3 |  12.3 |  65.2 | 745.9
               +-------+-------+-------+-------+-------+----------------------

Table legend:
 A = Kills in this place as a percentage of kills in entire the game.
 B = Kills by you in this place as a percentage of kills by you in the entire game.
 C = Kills by friends in this place as a percentage of kills by friends in the entire game.
 D = Other kills in this place as a percentage of other kills in the entire game.
 E = Experience gained in this place as a percentage of experience gained in the entire game.
 F = Experience gained in this place divided by the number of levels of this place that you have seen.
                   A       B       C       D       E      F
               +-------+-------+-------+-------+-------+----------------------
         Total | 100.0 | 100.0 |   N/A |   N/A | 100.0 | 640.6
       Dungeon | 100.0 | 100.0 |   N/A |   N/A | 100.0 | 640.6
               +-------+-------+-------+-------+-------+----------------------
